[Event "*** MasterClass Titled Tuesday Blitz"]
[Site "Chess.com"]
[Date "2017.12.05"]
[Round "2"]
[White "ChessMavenYeti"]
[Black "goingin33"]
[Result "0-1"]
[WhiteElo "2049"]
[BlackElo "2274"]
[TimeControl "180+2"]
[EndTime "14:34:37 PST"]
[Termination "goingin33 won by resignation"]

1. Nf3 g6 2. g3 Bg7 3. Bg2 c5 4.
O-O Nc6 5. c4 Nh6 6. Nc3 Nf5 7.
d3 d6 8. Rb1 Bd7 9. Bd2 O-O 10.
a3 a5 11. Nb5 Ncd4 12. Nfxd4 Nxd4 13. Nxd4 Bxd4 14. Bxb7 Rb8 15. Bg2 Rxb2 16. Rxb2 Bxb2 17. Qb3 Bf6 18. a4 Qb8 19. Rb1 Qxb3 20. Rxb3 Bxa4 21.
Ra3 Bd1 22. Kf1 a4 23. Bc6 Bb2 24. Rxa4 Bxa4 25. Bxa4 Ra8 26. Bc6 Ra1+ 27. Kg2 Ra2 28.
Bg5 Bf6 29. Bxf6 exf6 30. e3 Kf8 31. Kf3 Ke7 32. Bd5 f5 33. h4 h6 34. e4 fxe4+ 35.
dxe4 Kf6 36. Ke3 Ra3+ 37. Kf4 g5+ 38. hxg5+ hxg5+ 39. Kg4 Kg6 40. f4 gxf4 41. gxf4 f5+ 42. exf5+ Kf6 43. Be6 Rc3 44. Kh4 Rf3 45. Kg4 Rf1 46.
Kg3 Ke7 47. Kg4 Kf6 48. Kg3 Rg1+ 49. Kf3 Rh1 50. Kg3 Rh7 51. Kf3 Rh6 52. Kg4 Rh1 53. Kf3 Kg7 54. Kg3 Rh6 55. Kg4 Rf6 56. Kg5 Rf8 57.
Bd5 Rf6 58. Be6 Rh6 59. Bd5 Rh1 60. f6+ Kf8 61. Kf5 Re1 62. Kg6 Rf1 63. Kf5 Re1 64.
Kg6 Re3 65. Kf5 Rh3 66. Ke6 Rh6 67. f5 Ke8 68. Bc6+ Kf8 69. Bd7 Rh4 70. Bb5 Rd4 71. Ba6 d5 72. cxd5 c4 73. Ke5 c3 74. Kxd4 c2 75. Ke5 c1=Q 76. Bb7 Qb2+ 0-1

[Event "*** MasterClass Titled Tuesday Blitz"]
[Site "Chess.com"]
[Date "2017.12.05"]
[Round "2"]
[White "dusanacns"]
[Black "Tash_Boy"]
[Result "1-0"]
[WhiteElo "2618"]
[BlackElo "2423"]
[TimeControl "180+2"]
[EndTime "14:34:49 PST"]
[Termination "dusanacns won by resignation"]

1. e4 e5 2. Nc3 Nc6 3. g3 Bc5 4. Bg2 d6 5. Nge2 h5 6. h3 Be6 7. d3 Qd7 8. Nd5 Nge7 9. c3 O-O-O 10. b4 Bb6 11. a4 a5 12. Nxb6+ cxb6 13. b5 Na7 14. Be3 Kc7 15. d4 f6 16. c4 Nac8 17. Qc2 Kb8 18. Rd1 Qc7 19. Rc1 g5 20. O-O Qd7 21.
Kh2 Ng6 22. c5 exd4 23. c6 bxc6 24. bxc6 Qc7 25. Nxd4 h4 26. Nxe6 hxg3+ 27. fxg3 1-0

[Event "*** MasterClass Titled Tuesday Blitz"]
[Site "Chess.com"]
[Date "2017.12.05"]
[Round "2"]
[White "pbaglioni"]
[Black "hhbcd_grob_bes"]
[Result "0-1"]
[WhiteElo "1428"]
[BlackElo "1442"]
[TimeControl "180+2"]
[EndTime "14:34:49 PST"]
[Termination "hhbcd_grob_bes won by checkmate"]

1. e4 e5 2. Nf3 Nc6 3. Bc4 Bc5 4. d3 Nf6 5. O-O h6 6. Nc3 d6 7. Na4 Bb6 8. Nxb6 axb6 9. c3 O-O 10. Bb3 Be6 11.
Bc2 d5 12. Qe2 dxe4 13. dxe4 Qe7 14. Rd1 Rfd8 15. Rxd8+ Rxd8 16. b4 b5 17. a4 bxa4 18. Rxa4 Qd6 19. Nd2 Bg4 20. f3 Be6 21. Ra1 b6 22. Ba4 Ne7 23. Bb3 Ng6 24. Bxe6 Qxe6 25. Ba3 Nf4 26. Qe3 Qc6 27. Bb2 Nd3 28. Ra2 Nh5 29.
g3 f5 30. Nf1 f4 31. gxf4 Nhxf4 32. Ng3 Qg6 33. h4 Qxg3+ 34. Kh1 Qg2# 0-1

[Event "*** MasterClass Titled Tuesday Blitz"]
[Site "Chess.com"]
[Date "2017.12.05"]
[Round "2"]
[White "MITerryble"]
[Black "nurmiTV"]
[Result "1-0"]
[WhiteElo "2652"]
[BlackElo "2469"]
[TimeControl "180+2"]
[EndTime "14:34:50 PST"]
[Termination "MITerryble won by resignation"]

1. Nf3 c5 2. b3 Nc6 3. Bb2 Nf6 4.
e3 d6 5. d4 cxd4 6. exd4 Bg4 7. d5 Nb8 8. h3 Bh5 9. Bb5+ Nbd7 10. O-O a6 11. Be2 Rc8 12. c4 Bxf3 13. Bxf3 b5 14.
cxb5 axb5 15. Nc3 b4 16. Nb5 Qb6 17. Qe2 Ne5 18. Bxe5 dxe5 19. Rac1 Rc5 20. Rxc5 Qxc5 21. Rd1 e4 22. Bxe4 Nxe4 23. Qxe4 Qxb5 24. d6 Qa6 25.
Qe5 Qb7 26. d7+ 1-0

[Event "*** MasterClass Titled Tuesday Blitz"]
[Site "Chess.com"]
[Date "2017.12.05"]
[Round "2"]
[White "yurisolo"]
[Black "GMKrikor"]
[Result "1-0"]
[WhiteElo "2484"]
[BlackElo "2648"]
[TimeControl "180+2"]
[EndTime "14:34:58 PST"]
[Termination "yurisolo won by resignation"]

1. e4 c5 2. Nf3 d6 3. d4 cxd4 4. Nxd4 Nf6 5. Nc3 a6 6. Be3 e6 7. Qd2 b5 8. f3 Nbd7 9. g4 h6 10. O-O-O b4 11. Nce2 Qc7 12. h4 d5 13. Bf4 e5 14.
Bh2 dxe4 15. g5 hxg5 16. hxg5 Rxh2 17. Rxh2 exd4 18. Rh4 Nc5 19. gxf6 b3 20. Kb1 bxa2+ 21. Ka1 d3 22. Rh8 gxf6 23. Qh6 Qe7 24. cxd3 Nb3+ 25. Kxa2 Be6 26. Nf4 O-O-O 27. Rxf8 Nd4+ 28. Nxe6 Qxe6+ 29. Kb1 1-0

[Event "*** MasterClass Titled Tuesday Blitz"]
[Site "Chess.com"]
[Date "2017.12.05"]
[Round "2"]
[White "Korchmar_Vasiliy"]
[Black "Hunninn"]
[Result "1-0"]
[WhiteElo "2578"]
[BlackElo "2402"]
[TimeControl "180+2"]
[EndTime "14:35:02 PST"]
[Termination "Korchmar_Vasiliy won by resignation"]

1. d4 d5 2. Nf3 e6 3. Bf4 c5 4.
e3 Qb6 5. b3 Nc6 6. c3 Nf6 7. Nbd2 Bd7 8. Bd3 Rc8 9. O-O cxd4 10. exd4 Ba3 11. Rb1 Ne7 12. c4 Qd8 13. c5 Bb4 14.
Bg5 Nc6 15. Qc1 Ba5 16. a3 Bc7 17. b4 a6 18. a4 h6 19. Bh4 g5 20. Bg3 Bxg3 21.
hxg3 g4 22. Ne5 Nxe5 23. dxe5 Ng8 24. b5 axb5 25. axb5 h5 26. Nb3 h4 27. Qf4 Nh6 28. Rfc1 Qe7 29. Na5 Rxc5 30. Rxc5 Qxc5 31. Nxb7 Qc3 32.
Nd6+ Kf8 33. Qf6 Qxd3 34. Qxh8+ Ng8 35. Ra1 hxg3 36. Ra8+ Ke7 37. Qh4+ 1-0

[Event "*** MasterClass Titled Tuesday Blitz"]
[Site "Chess.com"]
[Date "2017.12.05"]
[Round "2"]
[White "Frolik67"]
[Black "Vamostodorecto"]
[Result "1-0"]
[WhiteElo "2407"]
[BlackElo "2333"]
[TimeControl "180+2"]
[EndTime "14:35:03 PST"]
[Termination "Frolik67 won by resignation"]

1. e4 e5 2. Nf3 Nc6 3. Bc4 Nf6 4.
d3 Be7 5. h3 O-O 6. c3 d6 7. Be3 Kh8 8. Nbd2 Ng8 9. g4 Na5 10.
Bb5 a6 11. Ba4 b5 12. Bc2 c5 13. d4 cxd4 14. cxd4 exd4 15. Bxd4 Bf6 16. Nf1 Nc4 17. Ng3 Nxb2 18. Qe2 Bxd4 19. Nxd4 Qf6 20. Nb3 Nc4 21. O-O Ne5 22. f4 Ng6 23. Qe3 Bb7 24. Rad1 Rfe8 25. Nh5 Qe7 26. Rfe1 Nf6 27. Nd4 Nxh5 28. gxh5 Nf8 29. Nf5 Qc7 30. Qg3 Ne6 31. Bb3 Qc5+ 32. Kh2 g6 33. Nxd6 Qc7 34. f5 Red8 35. fxe6 fxe6 36.
h6 Rf8 37. Qe5+ Kg8 38. Bxe6+ 1-0

[Event "*** MasterClass Titled Tuesday Blitz"]
[Site "Chess.com"]
[Date "2017.12.05"]
[Round "2"]
[White "lrivaspicazo"]
[Black "benhal"]
[Result "0-1"]
[WhiteElo "1716"]
[BlackElo "2212"]
[TimeControl "180+2"]
[EndTime "14:35:05 PST"]
[Termination "benhal won by resignation"]

1. e4 g6 2. f4 d5 3. e5 h5 4. Nf3 Nh6 5. h3 Bg7 6. d4 e6 7. Be3 Nf5 8. Bf2 b6 9. Bd3 Nd7 10. c3 c5 11. Na3 cxd4 12. Nb5 dxc3 13. Bxf5 gxf5 14. Nd6+ Kf8 15. bxc3 Qc7 16. Bd4 Bh6 17.
O-O Ba6 18. Ng5 Bxg5 19. fxg5 Bxf1 20. Qxf1 Nc5 21. g6 fxg6 22. Qf4 Ne4 23. Qh4 Qe7 24.
Qe1 h4 25. a4 Rh7 26. a5 bxa5 27. Rxa5 Nxd6 28. exd6 Qd8 29. c4 dxc4 30. Qe5 Kf7 31. Rc5 Rc8 32. Ra5 Kf8 33. Rxa7 Rxa7 34. Qh8+ Kf7 35.
Qg7+ Ke8 36. Qxg6+ Kd7 37. Qf7+ Kxd6 38. Qxa7 c3 39. Qa3+ Kd5 40. Bxc3 Qb6+ 41. Kh2 Qc7+ 42. Kg1 Qxc3 0-1

[Event "*** MasterClass Titled Tuesday Blitz"]
[Site "Chess.com"]
[Date "2017.12.05"]
[Round "2"]
[White "MaxLeto"]
[Black "ChessQueen"]
[Result "0-1"]
[WhiteElo "2414"]
[BlackElo "2598"]
[TimeControl "180+2"]
[EndTime "14:35:07 PST"]
[Termination "ChessQueen won by resignation"]

1. d4 Nf6 2. Bf4 b6 3. e3 Bb7 4. Nf3 g6 5. Be2 Bg7 6. c4 O-O 7. Nc3 d5 8. O-O Nbd7 9. Rc1 c5 10. cxd5 Nxd5 11. Nxd5 Bxd5 12. dxc5 Nxc5 13. b4 Ne4 14.
Bc7 Qd7 15. Be5 f6 16. Bc4 e6 17. Bxd5 Qxd5 18. Qxd5 exd5 19. Bd4 Rfc8 20. Rfd1 Kf7 21.
Kf1 Ke6 22. Ke2 g5 23. Nd2 Nd6 24. Kd3 h5 25. Ba1 g4 26. Nb3 Ne4 27. f3 Nf2+ 28. Ke2 Nxd1 29. Kxd1 Rxc1+ 30. Kxc1 gxf3 31. gxf3 Bf8 32. Nd4+ Kd7 33. a3 a5 34. Bc3 axb4 35. axb4 Ra2 36.
Nc2 Bd6 37. Kb1 Ra8 38. Bxf6 Bxh2 39. Nd4 Bg1 40. Nf5 Ke6 0-1

[Event "*** MasterClass Titled Tuesday Blitz"]
[Site "Chess.com"]
[Date "2017.12.05"]
[Round "2"]
[White "igorkovalenko"]
[Black "MartinZumsande"]
[Result "0-1"]
[WhiteElo "2712"]
[BlackElo "2454"]
[TimeControl "180+2"]
[EndTime "14:35:14 PST"]
[Termination "MartinZumsande won by resignation"]

1. e4 e6 2. d4 d5 3. Nc3 Nf6 4. Bg5 Bb4 5. e5 h6 6. Bd2 Bxc3 7. bxc3 Ne4 8. Qg4 g6 9. Bd3 Nxd2 10. Kxd2 c5 11. Nf3 Nc6 12. h4 cxd4 13. cxd4 Qa5+ 14. Ke3 b6 15. Qf4 Ba6 16. Qf6 Rf8 17. a3 Rc8 18.
h5 gxh5 19. Qxh6 Ne7 20. Qxh5 Bxd3 21. cxd3 Nf5+ 22. Kf4 Rc3 23. Rhc1 Rg8 24. g4 Nxd4 25. Nxd4 Rxc1 26. Rxc1 Qd2+ 27. Kg3 Qxc1 28. Nxe6 Qg1+ 29.
Kf3 Qd1+ 30. Ke3 Ke7 31. Qh4+ Kd7 32. Qf6 Qe1+ 33. Kf3 Qd1+ 34. Ke3 Qe1+ 35. Kf3 Re8 36. Qxf7+ Re7 37. Nf8+ Kd8 38. Qxd5+ Ke8 39. Ng6 Qh1+ 0-1

[Event "*** MasterClass Titled Tuesday Blitz"]
[Site "Chess.com"]
[Date "2017.12.05"]
[Round "2"]
[White "nonsoderrick"]
[Black "rochachess01"]
[Result "0-1"]
[WhiteElo "1220"]
[BlackElo "1329"]
[TimeControl "180+2"]
[EndTime "14:35:15 PST"]
[Termination "rochachess01 won by resignation"]

1. d4 d5 2. e3 c5 3. dxc5 e5 4. c3 Bxc5 5. b4 Bb6 6. Bb2 Bf5 7. Nd2 Nf6 8. h3 Nc6 9. a3 a6 10. c4 d4 11. e4 Bg6 12. f3 Nh5 13. Ne2 Nf4 14.
Nxf4 exf4 15. Nb3 Qh4+ 16. Ke2 d3+ 17. Kxd3 Rd8+ 18. Bd4 Nxd4 19. Nxd4 Rxd4+ 20. Kc3 Rxd1 21. Rxd1 O-O 22. Rd7 Qf2 23. Rxb7 Qd4+ 24. Kb3 h5 25. c5 Bxc5 26. bxc5 Qxc5 27. Rb4 f5 28. exf5 Qxf5 29. Bc4+ Bf7 30. Bxf7+ Qxf7+ 31. Ka4 Qd7+ 32. Kb3 Qd5+ 33. Ka4 Qc6+ 34. Kb3 Re8 35. Rd1 Re3+ 36. Ka2 Qc2+ 37. Rb2 Qxd1 38. Rb8+ Kh7 39. Rb2 Qd5+ 0-1

[Event "*** MasterClass Titled Tuesday Blitz"]
[Site "Chess.com"]
[Date "2017.12.05"]
[Round "2"]
[White "gmjoey1"]
[Black "sandromareco"]
[Result "0-1"]
[WhiteElo "2485"]
[BlackElo "2616"]
[TimeControl "180+2"]
[EndTime "14:35:18 PST"]
[Termination "sandromareco won by resignation"]

1. Nc3 d5 2. e4 dxe4 3. Nxe4 Nf6 4. Nxf6+ exf6 5. d4 Bd6 6. Bd3 O-O 7. Nf3 Nd7 8.
c3 Re8+ 9. Be3 g6 10. Qc2 c6 11. O-O-O Nf8 12. h4 Bg4 13. Kb1 h5 14. Rde1 Qc7 15. Nd2 b5 16. Ne4 Be7 17. f3 Be6 18. g4 hxg4 19. fxg4 Bxg4 20. Rhg1 f5 21. Ng5 Bxg5 22. Bxg5 Rxe1+ 23. Rxe1 Ne6 24. Bf6 Qg3 25. Qd2 f4 26.
Be5 Qxh4 27. Rg1 Bh5 28. Be4 Rc8 29. Ka1 Kf8 30. d5 cxd5 31. Qxd5 Qf2 32. Rh1 Rd8 33. Qxb5 Qe3 34. Qb4+ Kg8 35. a3 f3 36. Bf6 f2 37.
Bb1 Qe1 38. Bxd8 Qxh1 39. Bf6 f1=Q 40. Qb8+ Nf8 0-1

[Event "*** MasterClass Titled Tuesday Blitz"]
[Site "Chess.com"]
[Date "2017.12.05"]
[Round "2"]
[White "FollowMeIBeg"]
[Black "MRniceplay"]
[Result "0-1"]
[WhiteElo "1726"]
[BlackElo "2258"]
[TimeControl "180+2"]
[EndTime "14:35:18 PST"]
[Termination "MRniceplay won by checkmate"]

1. d4 Nf6 2. c4 g6 3. Nc3 d5 4. cxd5 Nxd5 5. e4 Nxc3 6. bxc3 Bg7 7. Nf3 c5 8. Be3 Qa5 9. Qc2 Nc6 10. Bd2 Bg4 11. c4 Qa3 12. Rb1 Bxf3 13. gxf3 Nxd4 14. Qd1 Nxf3+ 15. Ke2 O-O-O 16. Bh3+ e6 17. Rb3 Nd4+ 18.
Ke1 Qxa2 19. Rc3 f5 20. Kf1 fxe4 21. Kg2 Rhf8 22. Rf1 h5 23. Rc1 Rf3 24. Kh1 Rxh3 25. f3 Nxf3 26. Rf2 e3 27. Rxf3 Rxd2 28. Qf1 Rdxh2+ 29. Kg1 Rh1# 0-1

[Event "*** MasterClass Titled Tuesday Blitz"]
[Site "Chess.com"]
[Date "2017.12.05"]
[Round "2"]
[White "Zenzo"]
[Black "Msb2"]
[Result "1-0"]
[WhiteElo "2483"]
[BlackElo "2712"]
[TimeControl "180+2"]
[EndTime "14:35:19 PST"]
[Termination "Zenzo won by checkmate"]

1. e4 e6 2. d4 d5 3. Nd2 c5 4.
dxc5 Nf6 5. exd5 Qxd5 6. Ngf3 Qxc5 7. Bd3 Nbd7 8. O-O Qc7 9. c4 Bd6 10. b3 b6 11. Bb2 Bb7 12. Qe2 O-O-O 13. Ne4 Be7 14.
Rfd1 Nxe4 15. Bxe4 Bf6 16. Bxb7+ Kxb7 17. Nd4 Bxd4 18.
Rxd4 Nf6 19. Rad1 Rxd4 20. Rxd4 Rd8 21. Qf3+ Ka6 22. b4 b5 23. Rxd8 bxc4 24. Bxf6 gxf6 25. Qd1 Kb5 26. a3 c3 27. Qd3+ Ka4 28. Qc2+ Kxa3 29.
Rd3 Kxb4 30. g3 a5 31. Rd4+ Kb5 32. Qb3+ Ka6 33. Rc4 Qb6 34. Qxc3 Qb1+ 35. Kg2 Qb7+ 36. Rc6+ Kb5 37. Qc4# 1-0

[Event "*** MasterClass Titled Tuesday Blitz"]
[Site "Chess.com"]
[Date "2017.12.05"]
[Round "2"]
[White "Angry_Serb"]
[Black "josiwales"]
[Result "0-1"]
[WhiteElo "2356"]
[BlackElo "2359"]
[TimeControl "180+2"]
[EndTime "14:35:35 PST"]
[Termination "josiwales won by checkmate"]

1. e4 c5 2. Nf3 Nc6 3. d4 cxd4 4.
Nxd4 Nf6 5. Nc3 e5 6. Ndb5 d6 7. Bg5 a6 8. Na3 b5 9. Nd5 Be7 10. Bxf6 Bxf6 11. c4 Nd4 12. Bd3 O-O 13. O-O Be6 14. cxb5 Bxd5 15. exd5 axb5 16. Nxb5 Qb6 17. a4 Rfc8 18. Qg4 Nb3 19. Ra3 Nc5 20. Bf5 Rd8 21.
Rfa1 g6 22. Bc2 Rdc8 23. b4 Na6 24. Bf5 h5 25. Qg3 Rc4 26. Bxg6 Rg4 27. Qf3 Rxg6 28.
Rc3 Nxb4 29. h3 e4 30. Qxe4 Bxc3 31. Nxc3 Qc5 32. Ra3 Kh8 33. Rb3 Rag8 34. g3 Rxg3+ 35. Kf1 Rxc3 36. Rxb4 Rc1+ 37. Ke2 Rc2+ 38. Kf3 Qxf2# 0-1

[Event "*** MasterClass Titled Tuesday Blitz"]
[Site "Chess.com"]
[Date "2017.12.05"]
[Round "2"]
[White "Markov_Mikhail"]
[Black "walkingcreep"]
[Result "1-0"]
[WhiteElo "2611"]
[BlackElo "2417"]
[TimeControl "180+2"]
[EndTime "14:35:37 PST"]
[Termination "Markov_Mikhail won by resignation"]

1. c4 Nf6 2. Nf3 g6 3. g3 Bg7 4.
Bg2 O-O 5. O-O d6 6. Nc3 Nc6 7. d4 Bf5 8. d5 Na5 9. Nd4 Bd7 10.
b3 c5 11. dxc6 Nxc6 12. Bb2 Qa5 13. h3 Rfc8 14. e3 a6 15. Qd2 Qd8 16. Rfd1 Rab8 17. Qe2 Nxd4 18. Rxd4 b5 19. cxb5 axb5 20. Rd2 Qa5 21.
Nd5 Nxd5 22. Bxg7 Kxg7 23. Rxd5 Qc3 24. Rad1 b4 25. R5d4 Bf5 26. R1d2 Rc5 27. Kh2 h5 28. Qa6 Qc1 29. Qa7 Re8 30. Qa4 Rb8 31. Qa7 Re8 32.
Qb7 Rc2 33. Qxb4 Rec8 34. a4 R2c3 35. a5 Qb1 36. a6 Rxb3 37. Qa4 Qc1 38. Qxb3 1-0

[Event "*** MasterClass Titled Tuesday Blitz"]
[Site "Chess.com"]
[Date "2017.12.05"]
[Round "2"]
[White "Apocalyps999"]
[Black "Cecile-Haussernot"]
[Result "1-0"]
[WhiteElo "2362"]
[BlackElo "2359"]
[TimeControl "180+2"]
[EndTime "14:35:41 PST"]
[Termination "Apocalyps999 won by resignation"]

1. e4 c5 2. Nf3 d6 3. d4 cxd4 4. Nxd4 Nf6 5. Nc3 a6 6. Bg5 e6 7. f4 h6 8. Bh4 Qb6 9. a3 Nc6 10. Bf2 Qc7 11. Qf3 Be7 12. O-O-O O-O 13. g4 Nxd4 14.
Bxd4 e5 15. fxe5 dxe5 16. Qg3 Bd6 17. Be3 Nxg4 18. Rg1 Be6 19. h3 Bxa3 20. Bd2 Qc5 21. hxg4 Qb4 22. Na4 Qxa4 23. Qxa3 Qxe4 24. Bd3 Qc6 25. g5 e4 26. gxh6 exd3 27. Rxg7+ Kh8 28. Qxd3 f5 29. Bc3 Bc4 30. Re7+ Rf6 31. Qxf5 1-0

[Event "*** MasterClass Titled Tuesday Blitz"]
[Site "Chess.com"]
[Date "2017.12.05"]
[Round "2"]
[White "ChessicallyInclined"]
[Black "AbdAlAgathos"]
[Result "1-0"]
[WhiteElo "2213"]
[BlackElo "2301"]
[TimeControl "180+2"]
[EndTime "14:35:44 PST"]
[Termination "ChessicallyInclined won by resignation"]

1. d4 Nf6 2. c4 g6 3. Nc3 d5 4.
Nf3 Bg7 5. Qb3 dxc4 6. Qxc4 O-O 7. e4 Nc6 8. Be2 Bg4 9. Be3 Bxf3 10. gxf3 e5 11. dxe5 Nxe5 12. Qb5 Qe7 13. O-O-O c6 14. Qc5 Qxc5 15. Bxc5 Rfe8 16. Be3 b5 17. b4 a5 18.
a3 axb4 19. axb4 Ra3 20. Kb2 Rea8 21. Ra1 Rxa1 22. Rxa1 Rxa1 23. Kxa1 Ne8 24. Bd4 Nd6 25. f4 Nd7 26. Bxg7 Kxg7 27. Kb2 Nb6 28. Kc2 Ndc4 29. e5 f6 30. exf6+ Kxf6 31. Bf3 Nd6 32. Bxc6 Nf5 33. Nxb5 Nc4 34. Kc3 Nb6 35. Nd4 Ne7 36. b5 Ned5+ 37.
Bxd5 Nxd5+ 38. Kc4 Nxf4 39. b6 1-0

[Event "*** MasterClass Titled Tuesday Blitz"]
[Site "Chess.com"]
[Date "2017.12.05"]
[Round "2"]
[White "Goala"]
[Black "hectorfiori"]
[Result "1-0"]
[WhiteElo "2320"]
[BlackElo "2191"]
[TimeControl "180+2"]
[EndTime "14:35:47 PST"]
[Termination "Goala won by resignation"]

1. d4 Nf6 2. c4 e6 3. Nf3 c5 4. d5 exd5 5. cxd5 d6 6. Nc3 g6 7. h3 Bg7 8. e4 O-O 9. Bd3 b5 10. Nxb5 Nxe4 11. O-O a6 12. Na3 Nf6 13. Nc4 Qc7 14. Bf4 Ne8 15. Ng5 Nd7 16. Ne4 Nb6 17. Ncxd6 f5 18. Bh2 f4 19. Nxe8 Rxe8 20. Rc1 Bd4 21. b4 Bf5 22. Nxc5 Bxc5 23. bxc5 Bxd3 24.
cxb6 Qxb6 25. Qxd3 Rad8 26. Bxf4 Qb4 27. Bg3 Rd7 28. d6 Red8 29. Rfd1 Qa5 30. Qd5+ Qxd5 31.
Rxd5 Kf7 32. Rc6 Ke6 33. Ra5 h5 34. Rcxa6 g5 35. Rxg5 1-0

[Event "*** MasterClass Titled Tuesday Blitz"]
[Site "Chess.com"]
[Date "2017.12.05"]
[Round "2"]
[White "zam82"]
[Black "beza2009"]
[Result "0-1"]
[WhiteElo "761"]
[BlackElo "626"]
[TimeControl "180+2"]
[EndTime "14:35:48 PST"]
[Termination "beza2009 won by checkmate"]

1. e4 e5 2. d3 d6 3. c4 h6 4. Nf3 Be7 5. d4 exd4 6. Qxd4 Nf6 7. e5 dxe5 8. Qxe5 O-O 9. Bd3 Be6 10. Nc3 Qxd3 11. Qxc7 Nc6 12. Ne5 Rac8 13. Nxd3 Rxc7 14. f4 Nd4 15. Kd2 Rxc4 16. Ke3 Nc2+ 17. Kd2 Nxa1 18. Nb5 a6 19. Nc3 Bb4 20. Re1 Rd4 21. a3 Nb3+ 22. Kc2 Ba5 23. Be3 Na1+ 24. Kb1 Rxd3 25. Kxa1 Nd5 26. Bc5 Rd8 27. Ne4 Bxe1 28. Nf6+ gxf6 29.
Ka2 Nxf4+ 30. b3 Rd2+ 31. Kb1 Rd1+ 32. Kc2 Ne2 33. Be3 Rc8+ 34. Kb2 Rdc1 35. a4 R8c2+ 36. Ka3 Ra1# 0-1

[Event "*** MasterClass Titled Tuesday Blitz"]
[Site "Chess.com"]
[Date "2017.12.05"]
[Round "2"]
[White "champ2005"]
[Black "Rsnr"]
[Result "0-1"]
[WhiteElo "2427"]
[BlackElo "2630"]
[TimeControl "180+2"]
[EndTime "14:35:52 PST"]
[Termination "Rsnr won by resignation"]

1. e4 c6 2. Nc3 d5 3. Qf3 d4 4. Nce2 c5 5. d3 Nc6 6. Qg3 Nf6 7. a3 e5 8. f4 exf4 9. Nxf4 h6 10. Nf3 g5 11. Ne2 Ng4 12. e5 Ngxe5 13. Nxe5 Bd6 14. Bd2 Nxe5 15. Qf2 Ng4 16. Qg1 Qe7 17.
O-O-O Be6 18. h3 Ne5 19. Qf2 f5 20. Ng3 Qf7 21. Be2 O-O-O 22. Bh5 Qd7 23. Rhf1 Rhf8 24.
Be2 Kb8 25. h4 Be7 26. hxg5 hxg5 27. Rh1 Qd5 28. b3 f4 29. Ne4 c4 30. bxc4 Bxa3+ 31. Kb1 Qc6 32. Bc1 Qb6+ 33. Ka2 Bxc1 34. Rxc1 Qa5+ 35.
Kb2 Qb4+ 36. Ka2 Nxc4 37. dxc4 Rf5 0-1

[Event "*** MasterClass Titled Tuesday Blitz"]
[Site "Chess.com"]
[Date "2017.12.05"]
[Round "2"]
[White "cheese111"]
[Black "Margency"]
[Result "1-0"]
[WhiteElo "2423"]
[BlackElo "2505"]
[TimeControl "180+2"]
[EndTime "14:35:53 PST"]
[Termination "cheese111 won by resignation"]

1. e4 c5 2. Nf3 d6 3. Bb5+ Nc6 4. O-O Bd7 5. Re1 Nf6 6. c3 a6 7. Bc4 b5 8. Bf1 e6 9. d4 cxd4 10. cxd4 d5 11. e5 Ne4 12. Nbd2 Nxd2 13. Bxd2 Be7 14. Bd3 O-O 15. Rc1 Rc8 16. Bb1 f5 17.
exf6 Bxf6 18. Bf4 Be7 19. Bg3 Bf6 20. Ne5 Nxe5 21. Rxc8 Bxc8 22. Bxe5 b4 23. Qh5 h6 24. Qg6 Bxe5 25. Qh7+ Kf7 26. dxe5 Qg5 27. f4 Qg4 28. Rc1 Bd7 29. g3 Rc8 30. Rxc8 Bxc8 31. Qd3 Ke7 32. Bc2 a5 33. Bd1 Qf5 34. Qxf5 exf5 35. Kf2 d4 36. Ke2 Ba6+ 37. Kd2 Bc4 38. Bb3 Bf1 39. Bc2 Ke6 40. Bd3 Bg2 41. Bc4+ Bd5 42. Kd3 Bxc4+ 43. Kxc4 g5 44.
Kxd4 g4 45. Kc5 h5 46. b3 h4 47. gxh4 Ke7 48. Kd5 Kf7 49. e6+ Ke7 50. Ke5 Ke8 51.
Kxf5 1-0

[Event "*** MasterClass Titled Tuesday Blitz"]
[Site "Chess.com"]
[Date "2017.12.05"]
[Round "2"]
[White "jefferyx"]
[Black "saraswathii"]
[Result "1-0"]
[WhiteElo "2771"]
[BlackElo "2300"]
[TimeControl "180+2"]
[EndTime "14:35:57 PST"]
[Termination "jefferyx won by resignation"]

1. d4 Nf6 2. c4 g6 3. Nf3 d6 4. g3 Bg7 5. Bg2 O-O 6. O-O Nbd7 7. Nc3 c6 8. e4 e5 9. h3 exd4 10. Nxd4 a5 11. Be3 Qe7 12. Re1 Re8 13. Qc2 Nc5 14. Rad1 Bd7 15. Bf4 Rad8 16. Ndb5 cxb5 17. Bxd6 Qe6 18.
Bxc5 Qxc4 19. Bb6 b4 20. Bxd8 Rxd8 21. e5 Nh5 22. Bd5 Qc7 23. Qb3 bxc3 24. Bxf7+ Kh8 25. e6 a4 26. Qc2 Be8 27. e7 Rxd1 28. Qxd1 c2 29.
Qd8 Qxd8 30. exd8=Q 1-0

[Event "*** MasterClass Titled Tuesday Blitz"]
[Site "Chess.com"]
[Date "2017.12.05"]
[Round "2"]
[White "TheMagician"]
[Black "Ebnou1987"]
[Result "1-0"]
[WhiteElo "2177"]
[BlackElo "1545"]
[TimeControl "180+2"]
[EndTime "14:35:57 PST"]
[Termination "TheMagician won on time"]

1. e4 e5 2. f4 d5 3. exd5 Qxd5 4. Nc3 Qd8 5. Qe2 Be7 6. fxe5 Nc6 7. Nf3 Bg4 8. Qb5 Bxf3 9. gxf3 Rb8 10. Qa4 Bc5 11. Bb5 Ne7 12. Ne4 Bb6 13. c3 O-O 14. d4 a6 15. Bxc6 Nxc6 16. Be3 Qh4+ 17. Bf2 Qf4 18.
Qd1 Na5 19. Bg3 Qe3+ 20. Qe2 Qxe2+ 21. Kxe2 Nc4 22. b3 Na5 23. f4 Rbc8 24. d5 Rfd8 25. c4 c6 26. d6 Bd4 27. Rad1 c5 28. h4 b5 29. Kd3 bxc4+ 30. bxc4 Rb8 31. Rb1 h6 32.
Bf2 Bxf2 33. Nxf2 Rb4 34. Rxb4 cxb4 35. Ne4 b3 36. axb3 Nxb3 37. c5 Rc8 38. Kc4 Na5+ 39. Kd5 Nc6 40. Rb1 Kh7 41. f5 a5 42. e6 fxe6+ 43.
fxe6 Nb4+ 44. Rxb4 axb4 45. d7 Rd8 46. c6 b3 47. e7 b2 48. Nd2 Rb8 49. e8=Q b1=Q 50. Nxb1 1-0

[Event "*** MasterClass Titled Tuesday Blitz"]
[Site "Chess.com"]
[Date "2017.12.05"]
[Round "2"]
[White "SharkAnto55"]
[Black "StellarChessPro"]
[Result "1-0"]
[WhiteElo "2360"]
[BlackElo "2305"]
[TimeControl "180+2"]
[EndTime "14:36:00 PST"]
[Termination "SharkAnto55 won by resignation"]

1. d4 d5 2. c4 c6 3. Nf3 Nf6 4. g3 e6 5. Bg2 dxc4 6. O-O b5 7. b3 cxb3 8. axb3 a6 9. Ne5 Bb7 10. Nc3 Bd6 11. Bf4 Qc7 12. Qc2 Nbd7 13. Nxd7 Qxd7 14. Bg5 Be7 15. e3 O-O 16. Bxf6 Bxf6 17. b4 Be7 18.
Qb3 Qc7 19. Rfc1 Qb6 20. Ne4 a5 21. Nc5 a4 22. Qb2 Bxc5 23. Rxc5 Rfd8 24. Ra3 Rd6 25. h4 Rad8 26. Be4 Qc7 27. Qc2 h6 28. Rxb5 f5 29. Bg2 Ra8 30. Rc5 Qb6 31. Rxa4 Rxa4 32. Qxa4 Kh7 33.
Qa5 Qxa5 34. Rxa5 Rd8 35. b5 Rb8 36. bxc6 Bc8 37. Kh2 Rb2 38. Ra8 Rxf2 39. Rxc8 Rc2 40.
c7 g5 41. hxg5 hxg5 42. g4 f4 43. exf4 gxf4 44. Kh3 Rc3+ 45. Kh2 Rc2 46. Kg1 Kh6 47. Rh8+ Kg5 48. c8=Q Rxc8 49. Rxc8 Kxg4 50. Kf2 1-0

[Event "*** MasterClass Titled Tuesday Blitz"]
[Site "Chess.com"]
[Date "2017.12.05"]
[Round "2"]
[White "QuintilianoR"]
[Black "ncdogan"]
[Result "1-0"]
[WhiteElo "2520"]
[BlackElo "2396"]
[TimeControl "180+2"]
[EndTime "14:36:03 PST"]
[Termination "QuintilianoR won by resignation"]

1. d4 Nf6 2. c4 g6 3. Nc3 Bg7 4. Nf3 O-O 5. e4 d6 6. Be2 e5 7. O-O exd4 8. Nxd4 Re8 9. f3 c6 10. Kh1 Nbd7 11. Bg5 Qb6 12. Nb3 a5 13. Qd2 a4 14. Be3 Qc7 15. Nd4 Nc5 16. Rad1 Nfd7 17. Rfe1 Ne5 18. Bf1 Qe7 19. Bf2 Ne6 20. Nc2 Rd8 21.
f4 Ng4 22. Bb6 Rd7 23. h3 Nf6 24. f5 Nc5 25. Qf4 Nh5 26. Qf2 Be5 27. Re3 Qg5 28. g4 Nf6 29. Nd4 Qh6 30. Kg1 Re7 31. Nf3 Bf4 32.
Bxc5 dxc5 33. Rd8+ Re8 34. Red3 Kg7 35. e5 Rxd8 36. exf6+ Kxf6 37. Ne4+ Ke7 38. f6+ Ke6 39. g5 Bxg5 40. Nexg5+ Qxg5+ 41. Nxg5+ 1-0